 Dungeon Crawl Stone Soup version 0.26-a0-1181-gd376ed14c5 (webtiles) character file.

Game seed: 5671556022095527476

687532 lessens the Conqueror (level 27, -6/249 HPs)
             Began as a Merfolk Fighter on Dec 26, 2020.
             Was the Champion of Okawaru.
             Splashed by a yellow draconian's acid (19 damage)
             ... on level 5 of the Realm of Zot.
             The game lasted 02:38:41 (79288 turns).

lessens the Conqueror (Merfolk Fighter)            Turns: 79288, Time: 02:38:41

Health: -6/249     AC: 41    Str: 25 (28) XL:     27
Magic:  10/29      EV: 18    Int:  1 (3)  God:    Okawaru [******]
Gold:   6851       SH: 20    Dex: 14 (18) Spells: 26/26 levels left

rFire    + + +     SeeInvis +   u - +18 lance "Wyrmbane" {slay drac, rPois rF+ rC+ AC+3}
rCold    + + .     Faith    .   O - +4 kite shield of Duhich {Int+2}
rNeg     . . .     Spirit   .   c - +10 plate armour {rF+}
rPois    +         Reflect  .   K - +2 helmet {SInv}
rElec    .         Harm     .   N - +2 cloak of Jifat {Rampage +Inv Str+3 Int-4}
rCorr    .         Rampage  +   M - +0 pair of gloves of Leapfrog {rPois rF+ rC+ Regen+}
Will     +++..     Rnd*Rage +   J - +2 pair of boots
Stlth    ..........             j - amulet of regeneration
HPRegen  1.31/turn              L - +4 ring of slaying
MPRegen  0.21/turn              x - ring of willpower

@: mighty, about to teleport, heroism, corroded, vertigo, berserk cooldown,
hasted and slowed
A: change form in water, swift swim, stealthy swim, berserk 1, blurry vision 1,
deterioration 1, dopey 1, low mp 1, mutation resistance 1, subdued magic 1
}: 3/15 runes: serpentine, barnacled, abyssal
a: Renounce Religion, Evoke Invisibility, Heroism, Finesse


You were on level 5 of the Realm of Zot.
You worshipped Okawaru.
Okawaru was exalted by your worship.
You visited 10 branches of the dungeon, and saw 49 of its levels.
You visited the Abyss 2 times.
You visited 1 bazaar.
You also visited: Volcano and Wizlab.

You collected 10729 gold pieces.
You spent 3878 gold pieces at shops.

Inventory:

Hand Weapons
 u - the +18 lance "Wyrmbane" (weapon) {slay drac, rPois rF+ rC+ AC+3}
   (You took it off Margery on level 3 of the Depths)

   It affects your AC (+3).
   It protects you from fire.
   It protects you from cold.
   It protects you from poison.
 w - a +8 vorpal bardiche
Missiles
 b - 14 poisoned darts
 g - 2117 stones (quivered)
Armour
 a - a +2 cloak
 c - a +10 plate armour of fire resistance (worn)
 J - a +2 pair of boots (worn)
 K - a +2 helmet of see invisible (worn)
 M - the +0 pair of gloves of Leapfrog (worn) {rPois rF+ rC+ Regen+}
   (You bought it in a shop on level 4 of the Dungeon)

   It protects you from fire.
   It protects you from cold.
   It protects you from poison.
   It increases your rate of regeneration.
 N - the +2 cloak of Jifat (worn) {Rampage +Inv Str+3 Int-4}
   (Okawaru gifted it to you on level 5 of the Realm of Zot)

   It affects your strength (+3).
   It affects your intelligence (-4).
   It lets you turn invisible.
   It bestows one free step when moving towards enemies.
 O - the +4 kite shield of Duhich (worn) {Int+2}
   (You found it on level 5 of the Realm of Zot)

   It affects your intelligence (+2).
 X - a +2 pair of gloves of dexterity
Jewellery
 j - an amulet of regeneration (around neck)
 m - an uncursed ring of protection from cold
 x - a ring of willpower (right hand)
 y - the ring "Wuon" {rElec rC- Will++ EV+4 Int+4}
   (You took it off a merfolk siren on level 4 of the Shoals)

   [ring of evasion]

   It affects your evasion (+4).
   It affects your intelligence (+4).
   It makes you vulnerable to cold.
   It insulates you from electricity.
   It affects your willpower, your defense against some magical effects.
 E - an uncursed ring of resist corrosion
 L - a +4 ring of slaying (left hand)
 T - an uncursed amulet of reflection
 V - the ring of Satisfaction {+Inv rF+ SInv Stlth+}
   (You found it on level 13 of the Dungeon)

   [ring of see invisible]

   It protects you from fire.
   It lets you see invisible.
   It lets you turn invisible.
   It makes you more stealthy.
Wands
 v - a wand of iceblast (46)
 G - a wand of disintegration (44)
 R - a wand of flame (49)
 Y - a wand of digging (9)
 Z - a wand of acid (34)
Scrolls
 f - 6 scrolls of enchant weapon
 p - 17 scrolls of teleportation
 r - 25 scrolls of remove curse
 t - 12 scrolls of identify
 z - 3 scrolls of enchant armour
 P - 4 scrolls of fear
 Q - 9 scrolls of magic mapping
 S - 10 scrolls of fog
 U - a scroll of holy word
 W - 6 scrolls of blinking
Potions
 d - 7 potions of might
 e - 7 potions of haste
 h - 4 potions of cancellation
 k - 2 potions of brilliance
 l - 15 potions of lignification
 n - 12 potions of flight
 o - 5 potions of invisibility
 q - 2 potions of attraction
 s - 5 potions of ambrosia
 A - 2 potions of berserk rage
 D - 16 potions of curing
 F - 6 potions of resistance
 H - 3 potions of mutation
 I - 7 potions of magic
Miscellaneous
 B - a phantom mirror


   Skills:
 O Level 27 Fighting
 O Level 27 Polearms
 + Level 21.0(26.0) Armour
 + Level 25.1(27) Dodging
 - Level 15.0(20.0) Shields
 - Level 13.0 Invocations
 + Level 17.7 Evocations


You had 26 spell levels left.
You didn't know any spells.
Your spell library contained the following spells:

 Spells                   Type           Power        Failure   Level
 Animate Skeleton         Necr           0%           97%         1
 Apportation              Tloc           0%           97%         1
 Beastly Appendage        Tmut           0%           97%         1
 Corona                   Hex            0%           97%         1
 Foxfire                  Conj/Fire      0%           97%         1
 Magic Dart               Conj           0%           97%         1
 Pain                     Necr           0%           97%         1
 Shock                    Conj/Air       0%           97%         1
 Sting                    Tmut/Pois      0%           97%         1
 Summon Small Mammal      Summ           0%           97%         1
 Corpse Rot               Necr/Air       N/A          99%         2
 Poisonous Vapours        Pois/Air       0%           99%         2
 Searing Ray              Conj           0%           99%         2
 Slow                     Hex            0%           99%         2
 Swiftness                Air            0%           99%         2
 Wereblood                Tmut           0%           99%         2
 Confusing Touch          Hex            0%           100%        3
 Dazzling Flash           Conj/Hex       0%           100%        3
 Gell's Gravitas          Tloc           0%           100%        3
 Ignite Poison            Fire/Tmut/Pois 0%           100%        3
 Inner Flame              Hex/Fire       0%           100%        3
 Lesser Beckoning         Tloc           0%           100%        3
 Mephitic Cloud           Conj/Pois/Air  0%           100%        3
 Portal Projectile        Hex/Tloc       0%           100%        3
 Spider Form              Tmut/Pois      0%           100%        3
 Static Discharge         Conj/Air       0%           100%        3
 Stone Arrow              Conj/Erth      0%           100%        3
 Teleport Other           Tloc           0%           100%        3
 Tukima's Dance           Hex            0%           100%        3
 Vampiric Draining        Necr           0%           100%        3
 Airstrike                Air            0%           100%        4
 Animate Dead             Necr           0%           100%        4
 Cause Fear               Hex            0%           100%        4
 Fulminant Prism          Conj/Hex       0%           100%        4
 Hailstorm                Conj/Ice       0%           100%        4
 Ice Form                 Ice/Tmut       0%           100%        4
 Iskenderun's Mystic Bla  Conj/Tloc      0%           100%        4
 Leda's Liquefaction      Hex/Erth       0%           100%        4
 Olgreb's Toxic Radiance  Pois           0%           100%        4
 Petrify                  Tmut/Erth      0%           100%        4
 Summon Lightning Spire   Summ/Air       0%           100%        4
 Agony                    Necr           0%           100%        5
 Alistair's Intoxication  Tmut/Pois      0%           100%        5
 Blade Hands              Tmut           0%           100%        5
 Bolt of Magma            Conj/Fire/Erth 0%           100%        5
 Irradiate                Conj/Tmut      0%           100%        5
 Iskenderun's Battlesphe  Conj           0%           100%        5
 Lightning Bolt           Conj/Air       0%           100%        5
 Metabolic Englaciation   Hex/Ice        0%           100%        5
 Silence                  Hex/Air        0%           100%        5
 Summon Forest            Summ/Tloc      0%           100%        5
 Yara's Violent Unravell  Hex/Tmut       0%           100%        5
 Conjure Ball Lightning   Conj/Air       0%           100%        6
 Dispersal                Tloc           0%           100%        6
 Eringya's Noxious Bog    Tmut/Pois      0%           100%        6
 Freezing Cloud           Conj/Ice/Air   0%           100%        6
 Hydra Form               Tmut           0%           100%        6
 Invisibility             Hex            0%           100%        6
 Iron Shot                Conj/Erth      0%           100%        6
 Statue Form              Tmut/Erth      0%           100%        6
 Dragon Form              Tmut           0%           100%        7
 Orb of Destruction       Conj           0%           100%        7
 Spellforged Servitor     Conj/Summ      0%           100%        7
 Summon Hydra             Summ           0%           100%        7
 Disjunction              Tloc           0%           100%        8
 Dragon's Call            Summ           0%           100%        9
 Shatter                  Erth           0%           100%        9
 Tornado                  Air            0%           100%        9


Dungeon Overview and Level Annotations

Branches:
Dungeon (15/15)            Temple (1/1) D:5            Lair (6/6) D:8
 Shoals (4/4) Lair:2        Snake (4/4) Lair:2        Slime (0/5) Lair:5
    Orc (2/2) D:9             Elf (3/3) Orc:2        Vaults (4/5) D:14
  Crypt (0/3) Vaults:3     Depths (5/5) D:15            Zot (5/5) Depths:5
Volcano (visited)          WizLab (visited)

Altars:
Ashenzari
Cheibriados
Dithmenos
Elyvilon
Fedhas
Gozag
Hepliaklqana
Kikubaaqudgha
Nemelex Xobeh
Okawaru
Qazlal
Ru
Sif Muna
Trog
Vehumet
Wu Jian
Xom
Yredelemnul
Zin
Jiyva
Lugonu

Shops:
D:4 [}(:(   D:7 [   D:10 :}*=   Orc:1 }   Orc:2 ([}:   Elf:2 *   Shoals:1 :
Snake:1 *(*   Snake:4 =   Vaults:1 [   Vaults:2 *   Vaults:4 *[*   Depths:1 }!

Portals:
Hell: Depths:1 Depths:2 Depths:3 Depths:4 Depths:5
Abyss: Depths:4
Pandemonium: Depths:1 Depths:2 Depths:3
Ziggurat: Depths:2

Annotations:
D:5 2 runed translucent doors, Frask's ghost, novice MiMo
Snake:4 2 transporters, Foxy's ghost, adept TeAE


Innate Abilities, Weirdness & Mutations

You revert to your normal form in water.
You are very nimble and swift while swimming.
You are very stealthy in the water. (Stealth+)
You tend to lose your temper in combat.
Scrolls take you a little longer to read.
Your body sometimes deteriorates upon taking damage.
You are dopey. (Int -2)
Your magical capacity is low. (-10% MP)
You are somewhat resistant to further mutation.
Your spells are a little easier to cast, but a little less powerful.


Message History

Really read with blurry vision while enemies are nearby?
You block the Killer Klown's attack.
The green draconian annihilator gestures wildly while chanting.
The green draconian annihilator blinks!
You begin reading the scroll.
You continue reading the scroll.
The electric golem enters a dispersal trap!
The green draconian blinks!
The Killer Klown blinks!
The yellow draconian blinks!
The green draconian blinks!
The ancient lich blinks!
You blink.
The electric golem blinks!
Blink to where?
Press: ? - help, Dir - move target
As you read the scroll of blinking, it crumbles to dust.
You feel better.
The electric golem blinks!
The green draconian breathes poison at you.
The blast of poison engulfs you but does no damage.
You resist.
The yellow draconian throws acid at you.
The glob of acid hits you but does no damage.
You are splashed with acid!!
You die...

▓▓▓** #▓▓▓▓▓▓▓▓▓▓▓# ****
▓▓▓▓........ ,,,***
##▓....^...... ,,,,,**
##............. ,,,,,,* ▓▓▓▓▓▓▓▓▓
#..............
^,,,^,*▓▓§....8^▓▓▓....(...^.....
,,.,,,▓▓§......☼^▓▓..............
,,...^▓..)....^○§§▓...[..........
,,....L..§^d○§☼○@☼...............
^,.:..▓...§..d§§☼§▓........^....^
,..^p.▓▓......☼§.▓▓..............
,....,*▓▓§......▓▓▓..............
,...,,* ▓▓▓▓▓▓▓▓▓ ▓.........^....
,...,** ▓▓............. ,,,***
▓▓▓........... **** ▓▓▓▓........
* ▓▓▓▓▓▓▓▓▓


You could see an electric golem, a yellow draconian (catching breath) and a
green draconian (catching breath).

Vanquished Creatures
  7 ancient liches (Zot:5)
  7 orbs of fire
  The ghost of robertstho the Genius of the Arcane, a legendary GnIE of Sif Muna (Zot:5)
  4 juggernauts
  Sojobo (Depths:5)
  Frederick (Depths:3)
  5 Killer Klowns
  Margery (Depths:3)
  Saint Roka (Depths:2)
  A curse toe (Zot:4)
  9 golden dragons
  A bone dragon (Abyss:4)
  2 Tzitzimimeh (Depths:4)
  2 electric golems
  A Cloud Mage (WizLab)
  A hellephant (Abyss:4)
  6 liches
  15 tentacled monstrosities
  Asterion (Depths:1)
  A titan (Depths:5)
  22 Orb Guardians (Zot:5)
  A deep elf master archer (Elf:3)
  5 sphinxes
  3 deep elf blademasters
  7 quicksilver dragons
  9 death cobs
  3 krakens
  7 tentacled starspawn
  Kirke (Snake:4)
  5 tengu reavers
  7 shadow dragons
  The ghost of AtlasWard the Warrior, an adept KoDe of Hepliaklqana (Shoals:4)
  11 nagarajas (Snake:4)
  3 draconian monks
  8 storm dragons
  A daeva (Abyss:4)
  Donald (Vaults:1)
  15 vault wardens
  10 frost giants
  9 draconian scorchers
  7 fire giants
  2 iron dragons
  4 draconian knights
  Aizul (Vaults:3)
  4 draconian stormcallers
  11 deep elf sorcerers
  20 ironheart preservers
  5 ghost moths
  4 draconian annihilators
  8 draconian shifters
  A ghoul (Vaults:3)
  3 deep elf elementalists (Elf:3)
  2 spriggan defenders (Depths:3)
  15 very ugly things
  A war gargoyle (Vaults:2)
  3 vampire knights
  17 green draconians
  26 stone giants
  8 deep elf demonologists
  A lorocyproca (Depths:1)
  10 black draconians
  9 deep elf annihilators
  20 red draconians
  8 white draconians
  9 yellow draconians
  An entropy weaver (Vaults:4)
  15 purple draconians
  8 spark wasps
  11 deep elf death magi
  10 ettins
  A blizzard demon (Abyss:4)
  2 merfolk javelineers
  14 fire dragons
  9 merfolk impalers
  6 jiangshi
  3 deep elf high priests
  Erolcha (Orc:1)
  22 ogre magi
  A shambling mangrove (Abyss:4)
  9 great orbs of eyes
  11 yaktaur captains
  4 catoblepae (Lair:6)
  4 hydras
  11 rakshasas
  6 boulder beetles
  10 ice dragons
  6 spriggan air magi
  16 vault guards
  8 naga warriors
  2 merfolk avatars
  20 anacondas
  5 satyrs
  59 two-headed ogres
  5 alligator snapping turtles
  14 centaur warriors
  2 death knights
  4 ghost crabs
  8 merfolk aquamancers
  11 death yaks
  2 orc high priests (Orc:2)
  24 dancing weapons
  3 thrashing horrors
  7 deep troll earth magi
  19 naga sharpshooters
  5 tengu warriors
  8 deep troll shamans
  A hell hog (Abyss:1)
  7 vampire magi
  16 large abominations
  2 storm dragon zombies
  11 shock serpents
  A titan skeleton (Depths:4)
  2 wretched stars (Abyss:4)
  7 spriggan berserkers
  24 deep elf knights
  2 shadow wraiths (Vaults:3)
  A fire crab (Abyss:4)
  3 salamander mystics
  A sun demon (Abyss:4)
  27 skeletal warriors
  2 fire crabs (shapeshifter)
  15 sea snakes
  13 hell knights
  2 spatial maelstroms
  6 flayed ghosts
  2 storm dragon skeletons (Vaults:3)
  41 deep trolls
  4 glowing orange brains
  An infernal demonspawn (Depths:1)
  3 iron trolls (Depths:3)
  8 naga ritualists
  7 death drakes
  10 unseen horrors
  15 harpies
  A golden dragon skeleton (Depths:4)
  7 necromancers
  6 wizards
  An anaconda skeleton (Volcano)
  6 deep elf archers
  3 phantasmal warriors
  10 ironbrand convokers
  A tengu zombie (Depths:3)
  17 orc knights
  13 cyclopes
  20 manticores
  14 mana vipers
  An orb spider (Abyss:4)
  74 deep elf magi
  5 wolf spiders
  10 orc sorcerers
  9 salamanders
  37 ugly things
  A salamander (shapeshifter) (Vaults:3)
  26 fauns
  25 moths of wrath
  5 worldbinders
  5 apocalypse crabs
  28 black mambas
  A moth of wrath (shapeshifter) (Depths:3)
  9 merfolk sirens
  16 guardian serpents
  Joseph (D:10)
  9 smoke demons
  2 frost giant skeletons (Vaults:3)
  16 elephants
  7 orange demons
  12 vault sentinels
  An ice statue (Depths:5)
  A molten gargoyle (Depths:1)
  3 gargoyles (Volcano)
  Psyche (D:8)
  12 naga magi
  7 water nymphs
  A spriggan zombie (D:15)
  A yaktaur zombie (D:15)
  13 cane toads
  2 efreet
  2 hellions
  8 komodo dragons
  A komodo dragon (shapeshifter) (D:14)
  50 yaktaurs
  22 starcursed masses
  5 freezing wraiths
  8 hellwings
  8 ancient zymes
  An ice devil (Depths:2)
  A tormentor (Depths:2)
  A yaktaur skeleton (Vaults:3)
  4 red devils
  A tengu conjurer (Depths:3)
  19 trolls
  A jumping spider (shapeshifter) (Elf:1)
  31 merfolk
  7 hornets
  6 wind drakes
  A polar bear (Lair:5)
  A polar bear (shapeshifter) (Depths:3)
  A raiju (shapeshifter) (Depths:5)
  15 blink frogs
  16 raiju
  10 snapping turtles
  21 dream sheep
  20 slime creatures
  A hornet (shapeshifter) (Vaults:4)
  Prince Ribbit (D:5)
  Grinder (D:4)
  A blink frog (shapeshifter) (Depths:5)
  A deep troll zombie (D:15)
  An iron dragon simulacrum (Depths:4)
  2 fire giant simulacra
  3 ettin skeletons
  A centaur simulacrum (D:10)
  An elf skeleton (Depths:3)
  A fire dragon skeleton (D:15)
  An alligator skeleton (Volcano)
  3 flying skulls
  Sigmund (D:4)
  A redback (Vaults:4)
  17 air elementals
  5 ynoxinuls
  16 water elementals
  4 shadows
  3 wyverns
  7 wraiths
  A vampire (Abyss:4)
  2 hogs (Snake:4)
  71 yaks
  2 spriggans (Depths:5)
  2 basilisks
  A human (shapeshifter) (Depths:5)
  A hog (shapeshifter) (Depths:3)
  15 fire elementals
  3 fire bats (Abyss:2)
  4 vampire mosquitoes (D:14)
  3 neqoxecs
  Edmund (D:3)
  6 chaos spawn
  6 wargs
  49 nagas
  9 hell hounds
  2 acid dragons
  8 small abominations
  19 water moccasins
  Duvessa (D:7)
  3 sky beasts
  5 ice beasts
  A black bear (shapeshifter) (Vaults:1)
  4 black bears
  17 boggarts
  A necrophage (D:8)
  42 orc warriors
  A black mamba simulacrum (Abyss:4)
  3 eyes of draining
  2 phantoms
  19 centaurs
  An elf simulacrum (Depths:3)
  55 ogres
  10 wolves
  3 big kobolds
  Blork the orc (D:5)
  18 bullfrogs
  A wyvern zombie (D:12)
  4 earth elementals
  Dowan (D:7)
  12 scorpions
  13 killer bees
  12 wights
  2 troll skeletons (Volcano)
  5 howler monkeys
  2 vampire bats (Lair:6)
  4 electric eels
  3 bullfrog zombies
  3 human zombies (D:8)
  A crimson imp (Depths:4)
  10 hounds
  5 quasits
  5 centaur zombies
  A bullfrog skeleton (D:7)
  3 jellies
  4 centaur skeletons
  21 orc priests
  31 orc wizards
  4 iron imps
  8 human skeletons
  Ijyb (D:4)
  5 iguanas
  8 worker ants
  A worker ant (shapeshifter) (Depths:3)
  7 hell rats (Lair:6)
  An ogre zombie (D:8)
  A hound zombie (D:5)
  An ogre skeleton (D:8)
  A naga skeleton (Volcano)
  2 hound skeletons
  2 worker ant zombies (D:10)
  A gnoll (D:10)
  16 adders
  2 shadow imps (Depths:1)
  5 white imps
  9 ufetubi
  An adder skeleton (D:9)
  3 worms
  2 dart slugs (D:2)
  5 leopard geckos
  90 orcs
  2 ball pythons
  2 giant cockroaches
  6 hobgoblins
  13 jackals
  2 quokkas
  13 bats
  4 frilled lizards
  A giant cockroach zombie (D:5)
  9 goblins
  21 kobolds
  An orc zombie (D:8)
  11 rats
  A lurking horror (Abyss:4)
  A plant (Shoals:3)
  2 starspawn tentacles
  6 tentacles
2596 creatures vanquished.

Vanquished Creatures (collateral kills)
  A tentacled monstrosity (Abyss:4)
  A wretched star (Abyss:4)
2 creatures vanquished.

Vanquished Creatures (others)
  Nikola (Depths:3)
  A deep elf death mage (Elf:3)
  A deep elf high priest (Elf:3)
  A spriggan air mage (WizLab)
  A merfolk aquamancer (Shoals:4)
  A deep troll earth mage (Depths:3)
  A deep elf knight (Elf:2)
  A deep troll (Depths:3)
  A death drake (WizLab)
  A black mamba (Snake:4)
  A blink frog (Abyss:4)
  A black bear (shapeshifter) (Depths:1)
  A boggart (Vaults:3)
  An electric eel (Shoals:4)
  A small abomination (Abyss:4)
  An iron imp (Abyss:4)
  A bush (Lair:4)
  47 fungi
  A lurking horror (Abyss:3)
  215 plants
  17 starspawn tentacles
  25 tentacles
  5 withered plants (D:15)
327 creatures vanquished.

Grand Total: 2925 creatures vanquished

Notes
Turn   | Place    | Note
-------+----------+-------------------------------------------
     0 | D:1      | lessens the Merfolk Fighter began the quest for the Orb.
     0 | D:1      | Reached XP level 1. HP: 18/18 MP: 1/1
     1 | D:1      | Noticed an electric eel
    79 | D:1      | Reached XP level 2. HP: 24/24 MP: 2/2
   346 | D:1      | Reached skill level 5 in Polearms
   346 | D:1      | Reached XP level 3. HP: 29/29 MP: 3/3
  1246 | D:2      | Reached XP level 4. HP: 35/35 MP: 4/4
  1400 | D:2      | You fall into a shaft and drop 2 floors!
  1401 | D:4      | Noticed a phantom
  1419 | D:4      | Reached skill level 1 in Dodging
  1431 | D:4      | Noticed an ogre
  1925 | D:2      | Found a hazy altar of Hepliaklqana.
  1933 | D:2      | Found a radiant altar of Vehumet.
  1933 | D:2      | Found a glowing silver altar of Zin.
  2263 | D:3      | Reached XP level 5. HP: 9/41 MP: 5/5
  2694 | D:3      | Found a faded altar of an unknown god.
  3271 | D:4      | Noticed Ijyb
  3319 | D:4      | Killed Ijyb
  3320 | D:4      | Reached XP level 6. HP: 47/47 MP: 6/6
  3428 | D:4      | Found Gobij's Antique Weapon Boutique.
  3430 | D:4      | Found Hiapp's Gadget Shoppe.
  3453 | D:4      | Noticed Grinder
  3492 | D:4      | Paralysed by Grinder for 4 turns
  3496 | D:4      | Killed Grinder
  3497 | D:4      | Reached XP level 7. HP: 52/52 MP: 7/7
  3558 | D:4      | Found Lituidgh's Book Boutique.
  3560 | D:4      | Found Bolikhlouby's Weapon Boutique.
  3651 | D:4      | Noticed Edmund
  3708 | D:3      | Killed Edmund
  3709 | D:3      | Reached skill level 10 in Polearms
  3887 | D:4      | Reached skill level 5 in Dodging
  4058 | D:4      | Noticed Sigmund
  4120 | D:4      | Killed Sigmund
  4121 | D:4      | Reached XP level 8. HP: 37/58 MP: 8/8
  4426 | D:4      | Found Anerafucs's Antique Armour Boutique.
  4535 | D:5      | Entered Level 5 of the Dungeon
  4539 | D:5      | Found a staircase to the Ecumenical Temple.
  4543 | D:5      | Noticed Prince Ribbit
  4874 | Temple   | Entered the Ecumenical Temple
  4892 | Temple   | Became a worshipper of Warmaster Okawaru
  5366 | D:5      | Noticed Blork the orc
  5374 | D:5      | Killed Blork the orc
  5681 | D:5      | Killed Prince Ribbit
  5932 | D:5      | Reached * piety under Okawaru
  6022 | D:5      | Found a runed translucent door.
  6022 | D:5      | Noticed Frask's ghost (novice MiMo)
  6091 | D:5      | Found a runed translucent door.
  6382 | D:5      | Found an ornate altar of the Wu Jian Council.
  6743 | D:6      | Reached XP level 9. HP: 64/64 MP: 9/9
  7023 | D:7      | Found Fazuf's Antique Armour Shoppe.
  7165 | D:7      | Noticed Duvessa
  7174 | D:7      | Killed Duvessa
  7176 | D:7      | Noticed Dowan
  7186 | D:7      | Killed Dowan
  7527 | D:7      | Reached ** piety under Okawaru
  8328 | D:8      | Reached skill level 15 in Polearms
  8329 | D:8      | Found an ancient bone altar of Kikubaaqudgha.
  8556 | D:8      | Reached skill level 1 in Invocations
  8742 | D:8      | Noticed an elephant
  8744 | D:8      | Found a staircase to the Lair.
  8771 | D:8      | Killed an elephant
  8771 | D:8      | Reached *** piety under Okawaru
  8772 | D:8      | Reached XP level 10. HP: 42/70 MP: 9/11
  8817 | D:8      | HP: 2/70 [basilisk (3)]
  9579 | D:4      | Bought a pair of bloodstained gloves for 218 gold pieces
  9584 | D:4      | Identified the +0 pair of gloves of Leapfrog {rPois rF+ rC+
                  | Regen+} (You bought it in a shop on level 4 of the Dungeon)
  9841 | D:8      | Noticed Psyche
  9845 | D:8      | Killed Psyche
  9845 | D:8      | Reached **** piety under Okawaru
 10210 | D:9      | Found a staircase to the Orcish Mines.
 10393 | D:9      | Found a blossoming altar of Fedhas.
 10513 | D:9      | Reached skill level 5 in Invocations
 10641 | D:9      | Found a broken altar of Ashenzari.
 10641 | D:9      | Found a stormy altar of Qazlal.
 10656 | D:9      | Found a sparkling altar of Nemelex Xobeh.
 10656 | D:9      | Found a basalt altar of Yredelemnul.
 10808 | D:10     | Entered Level 10 of the Dungeon
 10816 | D:10     | Noticed an orc sorcerer
 10816 | D:10     | Noticed an orc sorcerer
 10816 | D:10     | Paralysed by an orc sorcerer for 5 turns
 10817 | D:10     | Noticed an orc sorcerer
 10822 | D:10     | Noticed a smoke demon
 11061 | D:10     | Reached ***** piety under Okawaru
 11077 | D:10     | Noticed an orc knight
 11083 | D:10     | Noticed a two-headed ogre
 11096 | D:10     | Killed an orc knight
 11097 | D:10     | Reached skill level 5 in Fighting
 11109 | D:10     | Killed a two-headed ogre
 11110 | D:10     | Reached XP level 11. HP: 65/81 MP: 15/15
 11143 | D:10     | Killed an orc sorcerer
 11143 | D:10     | Received a gift from Okawaru
 11191 | D:10     | Killed an orc sorcerer
 11366 | D:10     | Paralysed by an orc sorcerer for 2 turns
 11380 | D:10     | Killed an orc sorcerer
 11516 | D:10     | Killed an unseen horror
 11747 | D:10     | Noticed a two-headed ogre
 11767 | D:10     | Killed a two-headed ogre
 11771 | D:10     | Killed an unseen horror
 11772 | D:10     | Reached skill level 5 in Armour
 11780 | D:10     | Noticed a seven-headed hydra
 11954 | D:10     | Noticed a manticore
 11975 | D:10     | Killed a manticore
 11975 | D:10     | Reached ****** piety under Okawaru
 11975 | D:10     | Received a gift from Okawaru
 12231 | D:10     | Noticed a centaur warrior
 12245 | D:10     | Killed a centaur warrior
 12246 | D:10     | Reached skill level 1 in Evocations
 12726 | D:10     | Found Kececo's Gadget Emporium.
 12726 | D:10     | Found Wodevott's Book Shoppe.
 12843 | D:10     | Reached XP level 12. HP: 93/93 MP: 16/18
 12867 | D:10     | Found Egoynolo's Assorted Antiques.
 12878 | D:10     | Noticed Joseph
 12892 | D:10     | Killed Joseph
 12923 | D:10     | Found Nifil's Jewellery Boutique.
 13500 | D:11     | Found a radiant altar of Vehumet.
 13754 | D:11     | Noticed a boulder beetle
 14550 | D:11     | Noticed a two-headed ogre
 14556 | D:11     | Killed a two-headed ogre
 14556 | D:11     | Received a gift from Okawaru
 15069 | D:12     | Received a gift from Okawaru
 15280 | D:12     | Reached skill level 10 in Dodging
 15692 | D:12     | Reached skill level 10 in Fighting
 16218 | Lair:1   | Entered Level 1 of the Lair of Beasts
 16367 | Lair:1   | Found a dark tunnel.
 16373 | Volcano  | Entered a volcano
 16456 | Volcano  | Reached XP level 13. HP: 57/104 MP: 17/19
 17113 | Lair:1   | Received a gift from Okawaru
 18601 | Lair:2   | Found a staircase to the Shoals.
 18976 | Lair:2   | Found a staircase to the Snake Pit.
 21507 | Lair:4   | Received a gift from Okawaru
 21508 | Lair:4   | Got a jewelled scale mail {god gift}
 21519 | Lair:4   | Identified the +3 scale mail of Diwatesi {+Blink Str-3
                  | Int+4 Dex+4} (Okawaru gifted it to you on level 4 of the
                  | Lair of Beasts)
 21548 | Lair:4   | Reached XP level 14. HP: 102/115 MP: 20/20
 23405 | Lair:5   | Found a staircase to the Slime Pits.
 23405 | Lair:5   | Found a viscous altar of Jiyva.
 24709 | Lair:6   | Entered Level 6 of the Lair of Beasts
 25379 | Lair:6   | Received a gift from Okawaru
 25832 | Lair:6   | Reached skill level 15 in Dodging
 26040 | Lair:6   | Reached skill level 10 in Armour
 26259 | Lair:6   | Reached XP level 15. HP: 93/125 MP: 21/21
 27351 | Orc:1    | Entered Level 1 of the Orcish Mines
 28175 | Orc:1    | Noticed Erolcha
 28187 | Orc:1    | Killed Erolcha
 28263 | Orc:1    | Found Ponag's Gadget Emporium.
 28496 | Orc:2    | Entered Level 2 of the Orcish Mines
 28524 | Orc:2    | Found Rufy's Jewellery Boutique.
 28752 | Orc:1    | Received a gift from Okawaru
 30014 | Orc:2    | Found a staircase to the Elven Halls.
 30019 | Orc:2    | Received a gift from Okawaru
 30030 | Orc:2    | Found Ratzokk's Gadget Shop.
 30034 | Orc:2    | Found Ahoics's Weapon Boutique.
 30509 | Orc:2    | Found Fastrupn's Book Emporium.
 30693 | Orc:2    | Reached skill level 15 in Fighting
 30741 | Orc:2    | Found Dycyjusk's Armour Shop.
 31442 | D:13     | Reached XP level 16. HP: 136/136 MP: 22/22
 31523 | D:13     | Received a gift from Okawaru
 31664 | D:13     | Got a sparkling turquoise ring
 31666 | D:13     | Identified the ring of Satisfaction {+Inv rF+ SInv Stlth+}
                  | (You found it on level 13 of the Dungeon)
 31786 | D:13     | Identified a scroll of acquirement
 31786 | D:13     | Acquired the +7 bardiche "Wyangibe" {vorpal, rPois rF+ rN+
                  | Dex-5}
 32431 | D:14     | Found a gate to the Vaults.
 32904 | D:14     | Found a snail-covered altar of Cheibriados.
 33165 | D:15     | Entered Level 15 of the Dungeon
 33338 | D:15     | Found a staircase to the Depths.
 33515 | D:15     | Received a gift from Okawaru
 33687 | D:15     | Identified the Guide on Venomous Dislocation
 34384 | Snake:1  | Entered Level 1 of the Snake Pit
 34662 | Snake:1  | Found Yrcheuhaw's Assorted Antiques.
 34664 | Snake:1  | Found Qasef's Weapon Shoppe.
 34666 | Snake:1  | Found Umuc's Assorted Antiques.
 34739 | Snake:1  | Reached XP level 17. HP: 102/142 MP: 23/23
 36514 | Snake:2  | Received a gift from Okawaru
 36552 | Snake:2  | Got a brightly glowing glaive {god gift}
 36556 | Snake:2  | Identified the +9 glaive "Qemathra" {flame, rN+ Stlth+}
                  | (Okawaru gifted it to you on level 2 of the Snake Pit)
 38156 | Snake:3  | Received a gift from Okawaru
 38729 | Snake:4  | Entered Level 4 of the Snake Pit
 38937 | Snake:4  | Found an ornate altar of the Wu Jian Council.
 38989 | Snake:4  | Found Siff's Jewellery Shoppe.
 39011 | Snake:4  | Bought a +4 ring of slaying for 1404 gold pieces
 39016 | Snake:4  | Noticed Foxy's ghost (adept TeAE)
 39085 | Snake:4  | Found a transporter.
 39264 | Snake:4  | Found a transporter.
 39662 | Snake:4  | Received a gift from Okawaru
 39729 | Snake:4  | Reached XP level 18. HP: 106/149 MP: 16/24
 39902 | Snake:4  | Acquired a manual of Fighting
 40316 | Snake:4  | Received a gift from Okawaru
 40660 | Snake:4  | Got a serpentine rune of Zot
 40752 | Snake:4  | Noticed Kirke
 40774 | Snake:4  | Killed Kirke
 41234 | Shoals:1 | Entered Level 1 of the Shoals
 41493 | Shoals:1 | Found Sahennaf's Book Shop.
 42425 | Shoals:2 | Got a translucent helmet
 42448 | Shoals:1 | Identified the cursed +0 helmet "Xasch" {Int+3 Dex+2} (You
                  | found it on level 2 of the Shoals)
 42573 | Shoals:2 | Reached XP level 19. HP: 161/161 MP: 25/25
 42619 | Shoals:2 | Acquired a manual of Armour
 44067 | Shoals:3 | Received a gift from Okawaru
 44870 | Shoals:4 | Entered Level 4 of the Shoals
 45127 | Shoals:4 | Identified the ring "Wuon" {rElec rC- Will++ EV+4 Int+4}
 45208 | Shoals:4 | Found a runed translucent door.
 45222 | Shoals:4 | Found a shimmering altar of Xom.
 45222 | Shoals:4 | Noticed AtlasWard's ghost (adept KoDe)
 45302 | Shoals:4 | Killed AtlasWard's ghost
 45985 | Shoals:4 | Acquired 298 gold pieces
 46221 | Shoals:4 | Got a barnacled rune of Zot
 46506 | Shoals:4 | Received a gift from Okawaru
 47096 | Vaults:1 | Entered Level 1 of the Vaults
 47176 | Vaults:1 | Reached XP level 20. HP: 168/175 MP: 26/26
 47295 | Vaults:1 | Received a gift from Okawaru
 47681 | Vaults:1 | Found Sixzi's Armour Emporium.
 48890 | Vaults:1 | Received a gift from Okawaru
 48955 | Vaults:1 | Found a shimmering altar of Xom.
 49061 | Vaults:1 | Noticed Donald
 49082 | Vaults:1 | Killed Donald
 49840 | Vaults:2 | Reached XP level 21. HP: 184/184 MP: 27/27
 49938 | Vaults:2 | Found Onen's Assorted Antiques.
 50650 | Vaults:2 | Received a gift from Okawaru
 50918 | Vaults:2 | Reached skill level 15 in Armour
 51588 | Vaults:3 | Found a magical portal.
 51597 | WizLab   | Entered The Chambers of the Cloud Mage
 52459 | WizLab   | Identified Sif Muna's Reference Book on Feathers
 52941 | Vaults:3 | Received a gift from Okawaru
 53209 | Vaults:3 | Acquired an uncursed amulet of regeneration
 53261 | Vaults:3 | Reached skill level 5 in Evocations
 53316 | Vaults:3 | Noticed Aizul
 53327 | Vaults:3 | Killed Aizul
 53484 | Vaults:3 | Reached XP level 22. HP: 194/194 MP: 28/28
 54236 | Vaults:3 | Found a staircase to the Crypt.
 54469 | Vaults:4 | Found Gozag's Assorted Antiques.
 54470 | Vaults:4 | Found Gozag's Assorted Antiques.
 54930 | Vaults:4 | Received a gift from Okawaru
 55191 | Vaults:4 | Found Gozag's Antique Armour Emporium.
 55195 | Vaults:4 | Found an opulent altar of Gozag.
 55206 | Vaults:4 | Bought a brightly glowing cloak for 950 gold pieces
 55206 | Vaults:4 | Identified the cursed -3 cloak of Zacsuciw {+Inv} (You
                  | bought it in a shop on level 4 of the Vaults)
 56231 | Elf:1    | Entered Level 1 of the Elven Halls
 56241 | Elf:1    | Received a gift from Okawaru
 56530 | Elf:1    | Identified the +5 flail "No More Talking" {flame, rN+ Int+3
                  | Stlth+}
 56544 | Elf:1    | Reached XP level 23. HP: 134/204 MP: 27/29
 56967 | Elf:1    | Found a shimmering blue altar of Sif Muna.
 57469 | Elf:2    | Found Gostrepi's General Store.
 57707 | Elf:2    | Reached skill level 10 in Evocations
 57720 | Elf:2    | Found a huge runed translucent gate.
 57720 | Elf:2    | Found a huge runed translucent gate.
 57720 | Elf:2    | Found a huge runed translucent gate.
 57721 | Elf:2    | Found a huge runed translucent gate.
 57723 | Elf:2    | Found a huge runed translucent gate.
 58514 | Elf:3    | Entered Level 3 of the Elven Halls
 58836 | Elf:3    | Received a gift from Okawaru
 59482 | Elf:3    | Reached skill level 10 in Invocations
 60098 | Elf:3    | Identified the +12 spear "Zounn" {vorpal, *Noise +Blink
                  | +Fly rN+}
 60227 | Elf:3    | Reached XP level 24. HP: 214/214 MP: 31/31
 60234 | Elf:3    | Identified the +2 spear of Fesu {vorpal, Will+ Str+3 Int+2
                  | Dex-5}
 60234 | Elf:3    | Identified the +2 leather armour of Creativity {rF- rC++}
 60246 | Elf:3    | Cast into level 3 of the Abyss (a deep elf demonologist)
 60320 | Elf:3    | Escaped the Abyss
 60324 | Elf:3    | Identified the +8 halberd "Ulaisu" {vorpal, Stlth+}
 60332 | Elf:3    | Received a gift from Okawaru
 60362 | Elf:3    | Got a vibrating ruby amulet
 60363 | Elf:3    | Identified the amulet of Wyrchar {Inacc rN+} (You found it
                  | on level 3 of the Elven Halls)
 60383 | Elf:3    | Found the +6 shillelagh "Devastator" {shatter}
 60890 | Depths:1 | Entered Level 1 of the Depths
 61350 | Depths:1 | Noticed Asterion
 61361 | Depths:1 | Killed Asterion
 61465 | Depths:1 | Identified the Collected Works on Destructive Hexes
 61581 | Depths:1 | Found Xalul's Gadget Boutique.
 61583 | Depths:1 | Found Ylakuxown's Distillery.
 61591 | Depths:1 | Bought a potion of heal wounds for 60 gold pieces
 61604 | Depths:1 | Found a gateway to Hell.
 62165 | Snake:1  | Bought a scroll of enchant weapon for 172 gold pieces
 62165 | Snake:1  | Bought a wand of digging (4) for 184 gold pieces
 62549 | Depths:1 | Found a one-way gate leading to the halls of Pandemonium.
 62556 | Depths:1 | Received a gift from Okawaru
 63201 | Depths:2 | Found a gateway to a ziggurat.
 63661 | Depths:2 | Noticed Saint Roka
 63678 | Depths:2 | Killed Saint Roka
 63721 | Depths:2 | Received a gift from Okawaru
 63739 | Depths:2 | Got a faintly glowing bardiche
 63740 | Depths:2 | Identified the cursed +0 bardiche "Newtslayer" {drain,
                  | *Drain rPois rN+ Will+} (You found it on level 2 of the
                  | Depths)
 63746 | Depths:2 | Acquired 925 gold pieces
 64256 | Depths:2 | Reached XP level 25. HP: 213/219 MP: 32/32
 64692 | Depths:3 | Noticed Nikola
 64806 | Depths:3 | Killed Nikola
 65247 | Depths:3 | Received a gift from Okawaru
 65248 | Depths:3 | Noticed Frederick
 65276 | Depths:3 | Killed Frederick
 65324 | Depths:3 | Noticed a juggernaut
 65334 | Depths:3 | Killed a juggernaut
 65424 | Depths:3 | Got a pair of polished boots {god gift}
 65432 | Depths:3 | Identified the -4 pair of boots of Piacs {Int+2} (Okawaru
                  | gifted it to you on level 3 of the Depths)
 65527 | Depths:3 | Noticed Margery
 66773 | Depths:3 | Killed Margery
 66989 | Depths:3 | Noticed a juggernaut
 67020 | Depths:3 | Killed a juggernaut
 67020 | Depths:3 | Received a gift from Okawaru
 67021 | Depths:3 | Reached XP level 26. HP: 171/235 MP: 32/32
 67404 | Depths:4 | Found a broken altar of Ashenzari.
 67843 | Depths:4 | HP: 12/348 [Tzitzimitl/bolt of negative energy (19)]
 68020 | Depths:4 | Got a transparent copper ring
 68021 | Depths:4 | Identified the ring of Departure {Wiz rPois rF+ Int+3 SInv}
                  | (You found it on level 4 of the Depths)
 68376 | Depths:4 | Found an iron altar of Okawaru.
 68431 | Depths:4 | Found a corrupted altar of Lugonu.
 68440 | Depths:4 | Found a one-way gate to the infinite horrors of the Abyss.
 68730 | Depths:5 | Entered Level 5 of the Depths
 69071 | Depths:5 | Noticed a juggernaut
 69085 | Depths:5 | Killed a juggernaut
 69560 | Depths:5 | Received a gift from Okawaru
 69596 | Depths:5 | Reached skill level 5 in Shields
 69597 | Depths:5 | Found a gate to the Realm of Zot.
 69764 | Depths:5 | Found a gateway to a bazaar.
 69772 | Bazaar   | Entered a bazaar
 69781 | Bazaar   | Found Atzeffo's Antique Armour Shop.
 69792 | Bazaar   | Bought a glowing helmet for 172 gold pieces
 69792 | Bazaar   | Bought a pair of runed boots for 172 gold pieces
 69824 | Bazaar   | Found Guptajis's Armour Shop.
 69857 | Bazaar   | Found Guesimem's Gadget Boutique.
 69857 | Bazaar   | Found Waudon's Distillery.
 69864 | Bazaar   | Bought a potion of heal wounds for 65 gold pieces
 69864 | Bazaar   | Bought a potion of haste for 130 gold pieces
 69864 | Bazaar   | Bought a potion of curing for 39 gold pieces
 69864 | Bazaar   | Bought a potion of haste for 130 gold pieces
 69864 | Bazaar   | Bought 2 potions of might for 104 gold pieces
 69864 | Bazaar   | Bought a potion of flight for 39 gold pieces
 69864 | Bazaar   | Bought a potion of flight for 39 gold pieces
 69904 | Depths:5 | Noticed Sojobo
 69917 | Depths:5 | Killed Sojobo
 71091 | Depths:4 | Voluntarily entered the Abyss.
 71666 | Abyss:4  | Gained mutation: You are somewhat resistant to further
                  | mutation. [a neqoxec]
 71695 | Abyss:4  | Received a gift from Okawaru
 71770 | Abyss:4  | Reached skill level 10 in Shields
 71832 | Abyss:4  | Reached XP level 27. HP: 186/242 MP: 32/32
 71853 | Abyss:4  | Found a bloodstained altar of Trog.
 72305 | Abyss:4  | Received a gift from Okawaru
 72308 | Abyss:4  | Got a smoking tower shield {god gift}
 72531 | Abyss:4  | Got an abyssal rune of Zot
 72715 | Abyss:5  | Entered Level 5 of the Abyss
 72737 | Depths:4 | Escaped the Abyss
 72738 | Depths:4 | Identified the +4 tower shield of Divine Intervention {rN+}
                  | (Okawaru gifted it to you on level 4 of the Abyss)
 72770 | Zot:1    | Entered Level 1 of the Realm of Zot
 73103 | Zot:1    | Noticed an orb of fire
 73118 | Zot:1    | Killed an orb of fire
 73156 | Zot:1    | Noticed an orb of fire
 73164 | Zot:1    | Gained mutation: Your magical capacity is low. (-10% MP)
                  | [an orb of fire]
 73169 | Zot:1    | Gained mutation: You are dopey. (Int -2) [an orb of fire]
 73173 | Zot:1    | Killed an orb of fire
 73173 | Zot:1    | Received a gift from Okawaru
 73485 | Zot:1    | Reached skill level 15 in Shields
 73508 | Zot:1    | Got a spiked helmet {god gift}
 73509 | Zot:1    | Identified the +1 helmet "Wuin" {Int+3 Stlth+} (Okawaru
                  | gifted it to you on level 1 of the Realm of Zot)
 74586 | Zot:2    | Acquired a manual of Evocations
 75082 | Zot:3    | Received a gift from Okawaru
 75605 | Zot:3    | Got a pair of bloodstained gloves {god gift}
 75606 | Zot:3    | Identified the -5 pair of gloves of a bailey {+Inv rPois
                  | rF+ Dex-5} (Okawaru gifted it to you on level 3 of the
                  | Realm of Zot)
 76827 | Zot:4    | Noticed a juggernaut
 76827 | Zot:4    | a Killer Klown changed into a juggernaut
 76834 | Zot:4    | Received a gift from Okawaru
 76848 | Zot:4    | Killed a juggernaut
 77152 | Zot:4    | Reached skill level 15 in Evocations
 77671 | Zot:5    | Entered Level 5 of the Realm of Zot
 77854 | Zot:5    | Found a runed translucent gate.
 77854 | Zot:5    | Found a runed translucent gate.
 77854 | Zot:5    | Found an ancient bone altar of Kikubaaqudgha.
 77855 | Zot:5    | Found a runed translucent gate.
 77856 | Zot:5    | Noticed an ancient lich
 77857 | Zot:5    | Noticed an ancient lich
 77857 | Zot:5    | Noticed robertstho's ghost (legendary GnIE)
 77857 | Zot:5    | Noticed an ancient lich
 77857 | Zot:5    | Noticed an ancient lich
 77868 | Zot:5    | Killed an ancient lich
 77869 | Zot:5    | Reached skill level 27 in Fighting
 77875 | Zot:5    | Killed an ancient lich
 77880 | Zot:5    | Killed an ancient lich
 77891 | Zot:5    | Killed an ancient lich
 77909 | Zot:5    | Killed robertstho's ghost
 77916 | Zot:5    | Got a scintillating marble ring
 77917 | Zot:5    | Identified the ring of Yxegor {+Fly rN+} (You found it on
                  | level 5 of the Realm of Zot)
 77922 | Zot:5    | Got a pair of encrusted boots
 77923 | Zot:5    | Identified the +2 pair of boots of the Mind {rC+ rN+ Will-
                  | MP+9} (You found it on level 5 of the Realm of Zot)
 78270 | Zot:5    | Received a gift from Okawaru
 78717 | Zot:5    | Noticed an ancient lich
 78730 | Zot:5    | Noticed an ancient lich
 78743 | Zot:5    | Killed an ancient lich
 78747 | Zot:5    | Gained mutation: Your body sometimes deteriorates upon
                  | taking damage. [mutagenic glow]
 78764 | Zot:5    | Noticed an orb of fire
 78769 | Zot:5    | Killed an ancient lich
 78771 | Zot:5    | Gained mutation: Scrolls take you a little longer to read.
                  | [an orb of fire]
 78786 | Zot:5    | Killed an orb of fire
 78811 | Zot:5    | Noticed an orb of fire
 78817 | Zot:5    | Noticed an orb of fire
 78839 | Zot:5    | Gained mutation: Your spells are a little easier to cast,
                  | but a little less powerful. [an orb of fire]
 78840 | Zot:5    | Killed an orb of fire
 78875 | Zot:5    | Killed an orb of fire
 79142 | Zot:5    | Received a gift from Okawaru
 79143 | Zot:5    | Got an ancient cloak {god gift}
 79148 | Zot:5    | Got a jewelled kite shield
 79151 | Zot:5    | Identified the +2 cloak of Jifat {Rampage +Inv Str+3 Int-4}
                  | (Okawaru gifted it to you on level 5 of the Realm of Zot)
 79153 | Zot:5    | Identified the +4 kite shield of Duhich {Int+2} (You found
                  | it on level 5 of the Realm of Zot)
 79211 | Zot:5    | Noticed an orb of fire
 79218 | Zot:5    | Noticed an orb of fire
 79219 | Zot:5    | Noticed an ancient lich
 79232 | Zot:5    | Killed an orb of fire
 79232 | Zot:5    | Gained mutation: You tend to lose your temper in combat.
                  | [an orb of fire]
 79238 | Zot:5    | Killed an ancient lich
 79258 | Zot:5    | Killed an orb of fire
 79258 | Zot:5    | Noticed an ancient lich
 79259 | Zot:5    | Reached skill level 27 in Polearms
 79281 | Zot:5    | HP: 8/249 [acid (15)]
 79285 | Zot:5    | HP: 3/249 [electric golem/bolt of lightning (30)]
 79288 | Zot:5    | Splashed by a yellow draconian's acid

Illustrated notes

Levels and vault maps discovered:
D:1:      arrival_aquarium_a, layout_rooms, skrybe_limestone_x,
          ebering_dispersal_statue_hall, st_stairs_4,
          chequers_serial_rivers_micro_b, serial_bayou_lagoon_a
D:2:      layout_basic, chequers_temple_overflow_statue_of_worship,
          general_overflow_altar, minmay_indecisive_spiral
D:3:      layout_loops_ring, chequers_ecumenical_altar_twisty
D:4:      layout_gridville, serial_shops, kennysheep_mini_moat, shop, shop,
          nicolae_shop_waterfront, shop, sigmund_edmund_badplayer, uniq_grinder,
          uniq_ijyb, uniq_edmund
D:5:      layout_loops_corners, kennysheep_little_box,
          minmay_temple_entry_slanted, ebering_ghost_sewer_f,
          uniq_blork_the_orc, uniq_prince_ribbit1
D:6:      layout_basic
D:7:      layout_basic, serial_shops, shop, uniq_duvessa
D:8:      layout_loops_corners, lemuel_mausoleum_altar_kikubaaqudgha,
          david_lair_generic, uniq_psyche
D:9:      layout_long_grid, grunt_temple_overflow_open, david_orc_4, basic_altar
D:10:     minmay_the_grid_3x3 [minmay_the_grid_pillar_ring,
          minmay_the_grid_box_x, minmay_the_grid_tri_star,
          minmay_the_grid_gridbox, minmay_the_grid_aliased_spiral,
          minmay_the_grid_garden, minmay_the_grid_x, minmay_the_grid_square_x,
          minmay_the_grid_prize_four_corners_diamond_b], layout_stronghold,
          serial_shops, shop, shop, nicolae_shop_trees,
          nicolae_shop_statue_plus, minmay_diamond_spiral, uniq_joseph
D:11:     layout_basic, basic_altar, grunt_decor_one_mirror
D:12:     layout_loops_ring
D:13:     kennysheep_six_static_rooms, layout_long_grid
D:14:     layout_rooms, erik_vaults_2, cheibriados_altar_1
D:15:     gammafunk_depths_entry_grave, layout_basic, hangedman_decor_push
Temple:   dshaligram_water_room_temple
Lair:1:   layout_roguey, enter_volcano_4, minivault_24
Lair:2:   layout_gridlike, minmay_shoals_entry_lonely_mermaid,
          minmay_snake_entry_guardpost_large
Lair:3:   layout_cave_pods, hangedman_lair_unloving_vines
Lair:4:   layout_cave_pods, beast_lair_carwin_4, infiniplex_staircase_pool
Lair:5:   layout_layer_cave, slime_altar_1, lemuel_fruit_fields
Lair:6:   evilmike_catoblepas_cave, layout_small_grid, roderic_batcave,
          chequers_serial_rivers_micro_d
Shoals:1: cheibrodos_shoals_epimethial_gifts, layout_shoals, serial_shops,
          nicolae_shop_window_shopping
Shoals:2: layout_shoals
Shoals:3: cheibrodos_shoals_oceanic_diplomacy, layout_shoals
Shoals:4: shoals_end_grunt_garden, layout_shoals, ebering_ghost_xom,
          nicolae_shoals_siren_and_animal_friends
Snake:1:  layout_chambers, st_stairs_7, nrook_guardian_serpent_double,
          minmay_shop_star, grunt_megastairs_4, lemuel_fruit_tree
Snake:2:  layout_onion, serial_bayou_pond_a, serial_bayou_ford_a,
          grunt_megastairs_5
Snake:3:  minmay_snake_river, layout_cave_town
Snake:4:  grunt_snake_rune_serpentine_throne, layout_gridlike, basic_altar,
          gammafunk_ghost_berserking_beasts, minmay_shop_enchanted_jewellery,
          uniq_kirke
Orc:1:    layout_caves, serial_shops, nicolae_shop_waterfront, minmay_orc_keep,
          uniq_erolcha
Orc:2:    st_orc_open, layout_diamond_mine, guppyfry_orc_lava_fort
Elf:1:    layout_loops_ring, basic_altar, evilmike_minifort,
          einodemon_barbed_minivault
Elf:2:    layout_gridlike, serial_shops, nicolae_shop_trees
Elf:3:    minmay_elf_hall_four_x, layout_loops_corners, minivault_24, drop_trap,
          grunt_ministairs_1, roderic_roman_lattice
Vaults:1: vaults_room_octagon, vaults_room_mumra_shop_pool,
          nicolae_vaults_little_ls, v_misc_31, ontoclasm_vaults_bender,
          grunt_vaults_swirl, vaults_dpeg_ring, vaults_room_pool, v_misc_4,
          nicolae_vaults_diagonal_hallway_8, v_misc_1,
          vaults_room_grunt_arrival_ludios, layout_vaults_omnicross,
          basic_altar, uniq_donald
Vaults:2: nicolae_vaults_little_squares_2, v_misc_32, vaults_room_door_ring,
          ontoclasm_vaults_twist, hangedman_vaults_trim,
          vaults_room_hangedman_quadrants, v_misc_5, layout_vaults_omnigrid,
          serial_shops, shop
Vaults:3: vaults_mumra_minichess_inversion, ontoclasm_vaults_pinch,
          vaults_room_large_hall, nicolae_vaults_shelves_hall,
          minmay_crypt_entry_skeletal_spiral, grunt_vaults_diagonal,
          st_octagons_2, nicolae_vaults_asterisk, vaults_room_grid,
          hangedman_vaults_corner_blocks, dpeg_vaults_monster_box,
          hangedman_vaults_corner_blocks, hangedman_vaults_capsules, v_misc_29,
          layout_vaults_maze_bifur, infiniplex_enter_wizlab_glasses, uniq_aizul
Vaults:4: v_misc_24, ontoclasm_vaults_gateway, nicolae_vaults_rhombus_6,
          v_rooms_3, vaults_room_pools, nicolae_vaults_what_the_h,
          vaults_room_ringed_pool, nicolae_vaults_little_squares_3,
          kennysheep_vaults_gozag_temple, nicolae_vaults_little_squares_4,
          layout_vaults_ring
Depths:1: layout_basic, grunt_pan_entry_in_and_out,
          infiniplex_staircase_pool_lava, hell_entry,
          minmay_fractal_squares_diagonal_5, minmay_shoptagon, uniq_asterion
Depths:2: cell_vault, layout_basic, enter_ziggurat_f,
          minmay_misc_feat_more_columns, grunt_pan_entry_zigzag,
          grunt_hell_entry_dis_grunt, grunt_ministairs_6,
          minmay_misc_feat_plants, uniq_saint_roka
Depths:3: hangedman_grunt_twisty_little_passages, layout_basic, hell_entry,
          pan_entry, serial_bayou_shore_b, infiniplex_staircase_zigzag_3,
          uniq_nikola, uniq_margery, uniq_frederick
Depths:4: cheibrodos_tormentor_scu, layout_cave_shapes, evilmike_ruin_ashenzari,
          hellmouth_3, abyss_entry_flame_altar, okawaru_ov_weapons_minmay,
          infiniplex_staircase_river, serial_bayou_shore_b
Depths:5: grunt_zot_entry_funnels, layout_honeycomb, dk_noncrumbling_3,
          serial_shops, statue_bzr, pf_vacation_house_of_asmodeus,
          serial_bayou_shore_a, uniq_sojobo
Zot:1:    lemuel_firehouse, layout_concentric_octagons
Zot:2:    gammafunk_mikee_crab_dinner, layout_basic, st_small_dragon_hoard_4
Zot:3:    layout_cellular_growth, st_single_dragon_hoard_4
Zot:4:    grunt_zot_stairs_faceoff, layout_basic
Zot:5:    layout_basic, gammafunk_ghost_crypt

Skill      XL: |  1  2  3  4  5  6  7  8  9 10 11 12 13 14 15 16 17 18 19 20 21 22 23 24 25 26 27 |
---------------+----------------------------------------------------------------------------------+-----
Polearms       | 4 5 6 7 8 9 10 13 15 16 21 24 26 27 | 27.0
Dodging        | 2 4 5 7 9 11 13 15 16 17 19 20 21 23 25 | 25.1
Invocations    | 2 6 8 10 13 | 13.0
Fighting       | 5 8 10 12 13 15 17 19 20 21 22 23 24 25 27 | 27.0
Armour         | 3 5 7 8 10 11 13 14 15 16 17 18 21 | 21.0
Evocations     | 2 4 5 9 10 17 | 17.7
Shields        | 10 15 | 15.0

Action                   |  1- 3 |  4- 6 |  7- 9 | 10-12 | 13-15 | 16-18 | 19-21 | 22-24 | 25-27 || total
-------------------------+-------+-------+-------+-------+-------+-------+-------+-------+-------++-------
Melee: Trident           |   142 |   139 |   585 |    83 |    14 |       |       |       |       ||   963
       Halberd           |       |       |       |   816 |  1797 |    57 |       |       |       ||  2670
       Tailslap          |       |       |       |     1 |       |     4 |    12 |       |     9 ||    26
       Punch             |       |       |       |       |     1 |       |       |       |     9 ||    10
       Bardiche          |       |       |       |       |       |  1223 |  1473 |  1469 |   474 ||  4639
       Glaive            |       |       |       |       |       |    23 |       |       |       ||    23
       Lance             |       |       |       |       |       |       |       |       |  2821 ||  2821
Throw: Stone             |       |     2 |       |       |       |       |       |       |       ||     2
       Dart              |       |       |    28 |    37 |     5 |     3 |       |       |       ||    73
Invok: Heroism           |       |       |       |     9 |    27 |    18 |    26 |    20 |    32 ||   132
       Finesse           |       |       |       |       |       |       |     2 |       |     1 ||     3
Evoke: Wand              |       |       |    18 |     7 |     3 |       |       |       |     5 ||    33
       Tin of tremorston |       |       |       |     2 |       |       |       |       |       ||     2
       Phantom mirror    |       |       |       |       |       |       |       |       |     1 ||     1
  Use: Scroll            |       |     7 |     8 |    11 |     5 |    11 |    10 |    18 |    34 ||   104
       Potion            |       |     1 |     2 |     4 |       |     4 |     3 |       |    25 ||    39
 Stab: Petrified         |       |       |       |       |     6 |       |       |       |       ||     6
       Distracted        |       |       |       |       |       |       |       |     1 |     2 ||     3
Armor: Scale mail        |    45 |    39 |   102 |   208 |    15 |       |       |       |       ||   409
       Plate armour      |       |       |       |       |   742 |   601 |   579 |   432 |   912 ||  3266
Dodge: Dodged            |    31 |    29 |    88 |   347 |  1111 |   600 |   897 |   644 |  1652 ||  5399
Block: Kite shield       |    49 |    50 |   222 |    14 |       |       |       |       |   918 ||  1253
       Reflection        |       |     2 |     8 |     4 |     5 |    30 |    31 |    14 |    10 ||   104
       Other             |       |       |       |   114 |   338 |   212 |   265 |   125 |       ||  1054

Table legend: (Time is in decaauts)
 A = Elapsed time spent in this place.
 B = Non-inter-level travel time spent in this place.
 C = Inter-level travel time spent in this place.
 D = Time resting spent in this place.
 E = Time spent auto-exploring this place.
 F = Levels seen in this place.
 G = Mean time per level.
                   A        B        C        D        E       F      G
               +--------+--------+--------+--------+--------+-----+--------+
         Total |  74935 |  70071 |   4864 |  12421 |  41631 |  58 | 1292.0 |
       Dungeon |  20615 |  18554 |   2061 |   3485 |  11335 |  15 | 1374.3 |
        Temple |     31 |     18 |     13 |      0 |      8 |   1 |   31.0 |
          Lair |  10342 |   9805 |    537 |   1414 |   6817 |   6 | 1723.7 |
        Shoals |   4861 |   4630 |    231 |    833 |   2809 |   4 | 1215.2 |
     Snake Pit |   6742 |   6452 |    290 |   1107 |   4222 |   4 | 1685.5 |
  Orcish Mines |   3095 |   2919 |    176 |   1104 |   1174 |   2 | 1547.5 |
   Elven Halls |   4227 |   4071 |    156 |    688 |   2459 |   3 | 1409.0 |
        Vaults |   7543 |   7223 |    320 |    976 |   4601 |   4 | 1885.8 |
        Depths |   8888 |   8177 |    711 |   1008 |   5147 |   5 | 1777.6 |
           Zot |   5735 |   5370 |    365 |   1105 |   2792 |   5 | 1147.0 |
         Abyss |   1379 |   1379 |      0 |     86 |      0 |   6 |  229.8 |
        Bazaar |    111 |    111 |      0 |      0 |     83 |   1 |  111.0 |
       Volcano |    485 |    485 |      0 |    205 |     78 |   1 |  485.0 |
        Wizlab |    875 |    875 |      0 |    408 |    103 |   1 |  875.0 |
               +--------+--------+--------+--------+--------+-----+--------+

Top non-repeatable levels by time:
    D:10: 2806 daAuts
  Lair:6: 2323 daAuts
Vaults:1: 2199 daAuts
Depths:3: 2188 daAuts
Vaults:2: 2036 daAuts
Depths:2: 1968 daAuts
  Lair:5: 1925 daAuts
     D:4: 1904 daAuts
 Snake:1: 1894 daAuts
 Snake:4: 1861 daAuts
Vaults:3: 1796 daAuts
     D:8: 1713 daAuts
Depths:5: 1707 daAuts
  Lair:2: 1661 daAuts
 Snake:3: 1658 daAuts
